AoeStats
← jichuo

Arabia

510680898Analyzed
3v3 RM · 1d ago on Oct 2, 2026· 55m 28s· 6 players
Game mode
Random Map
Map size
Normal (6 player)
Population
200
Speed
Normal
Resources
Standard
Victory
Conquest
Starting age
Dark Age
Ending age
Imperial Age
RankedLock teamsTeams togetherTeam positionsShared explorationLock speedFull tech treeHidden civsTurbo modeCheats
Victory
Defeat
🇨🇳 Khmer · China
1337
+15
🇺🇸 Mongols · United States
1220
+20
🇦🇺 Japanese · Australia
1217
+20
🇲🇽 Huns · Mexico
1351
-20
🇲🇽 Khmer · Mexico
1315
-19
🇺🇸 Mapuche · United States
1263
-16
neto_leo15
0:28 Loom
11:02 Feudal Age
15:55 Horse Collar
16:06 Double-Bit Axe
19:34 Horse Collar
23:37 Fletching
23:48 Padded Archer Armor
29:19 Castle Age
27:20 Gold Mining
30:35 Bow Saw
30:25 Heavy Plow
29:50 Crossbowman
30:38 Thumb Ring
31:41 Wheelbarrow
33:01 Ballistics
32:40 Stone Mining
33:27 Gold Shaft Mining
35:15 Bodkin Arrow
35:38 Leather Archer Armor
39:02 Bloodlines
39:05 Forging
39:00 Scale Barding Armor
42:22 Imperial Age
41:56 Light Cavalry
42:58 Husbandry
43:37 Hussar
46:53 Two-Man Saw
47:23 Conscription
49:36 Iron Casting
49:23 Chain Barding Armor
54:29 Blast Furnace
54:06 Plate Barding Armor
NaginiKill
11:08 Feudal Age
9:32 Loom
15:36 Castle Age
12:58 Champi Runner
16:10 Wheelbarrow
22:27 Double-Bit Axe
22:30 Crossbowman
24:15 Bow Saw
24:34 Fletching
24:56 Padded Archer Armor
27:06 Hand Cart
28:15 Ballistics
28:14 Bodkin Arrow
31:12 Gold Mining
31:06 Horse Collar
33:06 Heavy Plow
33:45 Gold Shaft Mining
33:04 Stone Mining
36:01 Imperial Age
34:23 Leather Archer Armor
33:57 Champi Warrior
34:49 Forging
34:40 Scale Mail Armor
37:16 Iron Casting
36:57 Chain Mail Armor
36:18 Elite Champi Warrior
40:24 Elite Bolas Rider
43:05 Caravan
43:36 Coinage
45:45 Blast Furnace
45:23 Plate Mail Armor
48:17 Crop Rotation
50:27 Town Watch
[inkas'A] jony567
2:41 Loom
10:28 Feudal Age
13:02 Town Watch
16:15 Forging
16:42 Scale Barding Armor
19:48 Fletching
22:36 Castle Age
21:36 Bloodlines
22:40 Light Cavalry
23:21 Husbandry
29:28 Bodkin Arrow
38:15 Padded Archer Armor
45:19 Imperial Age
44:53 Ballistics
47:28 Bracer
StandingTall
5:05 Loom
10:59 Feudal Age
11:14 Man-at-Arms
22:41 Castle Age
20:32 Double-Bit Axe
21:23 Forging
22:53 Horse Collar
24:51 Bow Saw
27:36 Stone Mining
29:12 Gold Mining
32:12 Squires
31:58 Long Swordsman
34:47 Heavy Plow
36:45 Wheelbarrow
36:46 Bloodlines
37:20 Gambesons
37:51 Scale Mail Armor
38:44 Iron Casting
39:04 Hand Cart
39:17 Arson
39:45 Husbandry
39:05 Light Cavalry
39:41 Town Watch
40:19 Pikeman
47:21 Imperial Age
47:29 Chain Mail Armor
48:26 Conscription
49:26 Two-Man Saw
49:04 Gold Shaft Mining
49:39 Blast Furnace
48:02 Halberdier
48:12 Capped Ram
52:04 Onager
53:20 Plate Mail Armor
55:21 Scale Barding Armor
petey_hs
3:13 Loom
9:14 Feudal Age
10:24 Double-Bit Axe
17:40 Castle Age
16:52 Horse Collar
17:31 Fletching
18:58 Wheelbarrow
20:45 Bow Saw
20:50 Heavy Plow
23:08 Husbandry
24:04 Bodkin Arrow
26:16 Padded Archer Armor
26:30 Bloodlines
33:26 Imperial Age
32:13 Forging
31:57 Gold Mining
31:57 Stone Mining
31:58 Town Watch
32:28 Hand Cart
33:01 Ballistics
34:57 Gold Shaft Mining
35:41 Parthian Tactics
35:23 Thumb Ring
34:42 Light Cavalry
35:42 Capped Ram
36:46 Conscription
36:52 Leather Archer Armor
36:29 Elite Skirmisher
38:31 Chemistry
37:44 Scale Mail Armor
38:08 Bracer
38:53 Murder Holes
40:04 Hussar
40:54 Scale Barding Armor
41:25 Iron Casting
42:13 Siege Engineers
42:18 Masonry
44:42 Chain Barding Armor
45:23 Blast Furnace
48:37 Chain Mail Armor
52:55 Elite Mangudai
53:56 Drill
jichuo
3:36 Loom
10:26 Feudal Age
13:52 Castle Age
12:32 Double-Bit Axe
14:35 Loom
16:41 Wheelbarrow
23:14 Town Watch
24:35 Hand Cart
25:16 Bow Saw
27:51 Gold Mining
30:37 Bloodlines
30:44 Forging
35:25 Gold Shaft Mining
36:13 Scale Barding Armor
39:16 Imperial Age
37:25 Chain Barding Armor
37:33 Stone Mining
37:53 Husbandry
38:44 Iron Casting
39:44 Stone Shaft Mining
38:54 Light Cavalry
40:19 Conscription
40:48 Elite Ballista Elephant
42:11 Double Crossbow
43:12 Siege Engineers
44:33 Chemistry
44:20 Capped Ram
46:12 Horse Collar
47:37 Blast Furnace
47:13 Plate Barding Armor
48:08 Town Patrol
47:50 Siege Ram
48:29 Hussar
54:20 Scale Mail Armor
54:37 Elite Battle Elephant
55:19 Tusk Swords
Connection lost

Rejoining the realm…

Still unreachable

The connection could not be restored.

Session expired

The server has moved on; the page needs a fresh start.